 Dungeon Crawl Stone Soup version 0.28.0-53-g5a82cb258f (webtiles) character file.

Game seed: 7937585802100332712

3227 Infinimo the Fighter (level 9, -1/105 HPs)
             Began as an Ogre Berserker on June 5, 2022.
             Was a Priest of Trog.
             Slain by a lemure (3 damage)
             ... led by Pikel
             ... on level 6 of the Dungeon.
             The game lasted 00:09:24 (8309 turns).

Infinimo the Fighter (Ogre Berserker)               Turns: 8309, Time: 00:09:25

Health: -1/105     AC:  6    Str: 27    XL:     9   Next: 98%
Magic:  0/9        EV: 10    Int:  8    God:    Trog [***...]
Gold:   77         SH:  0    Dex:  8    Spells: 8/8 levels left

rFire   . . .      SeeInvis .   g - +1 morningstar (protect)
rCold   . . .      Faith    .   (no shield)
rNeg    + . .      Spirit   +   b - +0 animal skin
rPois   .          Reflect  .   (helmet restricted)
rElec   .          Harm     .   q - +2 cloak
rCorr   .          Rampage  .   (gloves unavailable)
Will    +....                   (boots unavailable)
Stlth   +.........              k - amulet of guardian spirit
HPRegen 0.27/turn               j - ring of willpower
MPRegen 0.11/turn               w - ring of positive energy

@: on berserk cooldown, slowed, very slow
A: large, unfitting armour, tough skin 1
a: Renounce Religion, Berserk, Trog's Hand


You were on level 6 of the Dungeon.
You worshipped Trog.
Trog was most pleased with you.
You visited 1 branch of the dungeon, and saw 6 of its levels.

You collected 291 gold pieces.
You spent 214 gold pieces at shops.

Inventory:

Hand Weapons
 g - a +1 morningstar of protection (weapon)
Armour
 b - a +0 animal skin (worn)
 q - a +2 cloak (worn)
Jewellery
 j - a ring of willpower (left hand)
 k - an amulet of guardian spirit (around neck)
 w - a ring of positive energy (right hand)
Wands
 m - a wand of flame (20)
 y - a wand of acid (7)
Scrolls
 d - a scroll of amnesia
 f - 2 scrolls of teleportation
 n - a scroll of torment
 r - a scroll of brand weapon
 t - a scroll of magic mapping
Potions
 a - a potion of brilliance {unknown}
 c - 2 potions of ambrosia
 e - 3 potions of haste
 h - a potion of curing {unknown}
 l - a potion of attraction {unknown}
 o - a potion of cancellation {unknown}
 p - 2 potions of heal wounds {unknown}
 v - a potion of lignification {unknown}
 z - a potion of might {unknown}


   Skills:
 + Level 11.0 Fighting
 * Level 10.6 Maces & Flails
 - Level 2.6 Dodging


You had 8 spell levels left.
You didn't know any spells.
Your spell library was empty.

Dungeon Overview and Level Annotations

Branches:
Dungeon (6/15)
 Temple: D:4-7

Altars:
Beogh

Shops:
D:4 :   D:6 ?[

Annotations:
D:6 Pikel


Innate Abilities, Weirdness & Mutations

You are too large for most types of armour.
You have tough skin. (AC +1)


Message History

You are too injured to fight recklessly!
You are too injured to fight recklessly!
You are too injured to fight recklessly!
You barely miss Pikel.
Pikel is almost dead.
The lemure barely misses you.
Pikel hits you with a +2 whip of freezing.
Pikel freezes you. The lemure hits you but does no damage. The lemure hits you!
Pikel hits you with a +2 whip of freezing.
Pikel freezes you.
You completely miss Pikel.
Pikel is almost dead.
The lemure barely misses you. The lemure hits you but does no damage.
Pikel hits you with a +2 whip of freezing.
* * * LOW HITPOINT WARNING * * *
Pikel freezes you.
* * * LOW HITPOINT WARNING * * *
The lemure hits you but does no damage.
Unknown command.
You closely miss Pikel.
Pikel is almost dead.
The lemure hits you!
* * * LOW HITPOINT WARNING * * *
Pikel hits you with a +2 whip of freezing!
* * * LOW HITPOINT WARNING * * *
Pikel freezes you.
* * * LOW HITPOINT WARNING * * *
The lemure hits you but does no damage. The lemure hits you.
* * * LOW HITPOINT WARNING * * *
Pikel hits you with a +2 whip of freezing!
* * * LOW HITPOINT WARNING * * *
Pikel freezes you.
* * * LOW HITPOINT WARNING * * *
Unknown command.
Okay, then.
Okay, then.
You barely miss Pikel.
Pikel is almost dead.
The lemure hits you.
You die...

#...# ##...<.........# #...#
#....[...##...# #....
#.###....#...## #...#
#.##..#......#. #...#
##.#...#.#...... ##...##
##........#......
#.....######................
#.........55................
#.........K@.)..#...........
#############).##..##.......
#.†..#.∩####.....
#####........##.....
###..##.......###.##..
#....#.....##.#.......
##..............#.....
#.....##..#...###..†.
#>...#######..##...).


You could see Pikel and 2 lemures.

Vanquished Creatures
  A troll (D:5)
  Grinder (D:5)
  Eustachio (D:5)
  An acid dragon (D:5)
  3 ice beasts
  3 sky beasts
  2 ogres (D:4)
  3 necrophages (D:6)
  A lemure (D:6)
  A bullfrog (D:6)
  A gnoll sergeant (D:6)
  A wyvern zombie (D:5)
  A scorpion (D:5)
  A howler monkey (D:6)
  A bullfrog zombie (D:6)
  2 centaur zombies (D:6)
  3 orc priests (D:4)
  Crazy Yiuf (D:2)
  2 bullfrog skeletons (D:6)
  5 hounds
  A jelly (D:5)
  A gnoll shaman (D:6)
  Terence (D:3)
  2 orc wizards (D:4)
  A hound skeleton (D:4)
  7 adders
  18 gnolls
  7 river rats (D:5)
  An adder zombie (D:5)
  2 worms
  6 dart slugs
  10 orcs
  7 endoplasms
  3 giant cockroaches
  5 goblins
  6 hobgoblins
  4 jackals
  9 quokkas
  3 ball pythons
  9 bats
  2 frilled lizards
  27 rats
167 creatures vanquished.

Notes
Turn   | Place    | Note
-------+----------+-------------------------------------------
     0 | D:1      | Infinimo the Ogre Berserker began the quest for the Orb.
     0 | D:1      | Reached XP level 1. HP: 24/24 MP: 1/1
   315 | D:1      | Reached XP level 2. HP: 18/32 MP: 2/2
   600 | D:1      | Found a faded altar of an unknown god.
  1102 | D:1      | Reached XP level 3. HP: 40/40 MP: 3/3
  1827 | D:2      | Reached XP level 4. HP: 48/49 MP: 4/4
  1898 | D:2      | Found a runed translucent door.
  1899 | D:2      | Noticed Crazy Yiuf
  2345 | D:2      | Killed Crazy Yiuf
  2346 | D:2      | Reached skill level 5 in Fighting
  2581 | D:3      | Noticed Terence
  2592 | D:3      | Killed Terence
  2593 | D:3      | Reached XP level 5. HP: 26/57 MP: 5/5
  3438 | D:3      | Reached ** piety under Trog
  3526 | D:3      | Reached skill level 5 in Maces & Flails
  3531 | D:3      | Reached XP level 6. HP: 67/67 MP: 6/6
  3964 | D:4      | Reached skill level 6 in Fighting
  4314 | D:4      | Found Itogotiq's Book Emporium.
  4377 | D:4      | Reached XP level 7. HP: 76/76 MP: 7/7
  4814 | D:4      | Reached skill level 7 in Fighting
  5042 | D:5      | Entered Level 5 of the Dungeon
  5046 | D:5      | Noticed Grinder
  5048 | D:5      | Paralysed by Grinder for 4 turns
  5058 | D:5      | Paralysed by Grinder for 7 turns
  5105 | D:5      | Killed Grinder
  5236 | D:5      | Noticed Eustachio
  5320 | D:5      | Reached XP level 8. HP: 82/88 MP: 8/8
  5565 | D:5      | Reached skill level 8 in Fighting
  6213 | D:5      | Killed Eustachio
  6877 | D:5      | Reached skill level 9 in Fighting
  6885 | D:5      | Reached *** piety under Trog
  6946 | D:5      | Noticed a troll
  6960 | D:5      | Killed a troll
  6961 | D:5      | Reached XP level 9. HP: 74/100 MP: 9/9
  7304 | D:6      | Reached skill level 10 in Fighting
  7387 | D:6      | Reached skill level 10 in Maces & Flails
  7500 | D:6      | Found Pauhyogat's Magic Scroll Boutique.
  7510 | D:6      | Bought a scroll of teleportation for 42 gold pieces
  7928 | D:6      | Found Weki's Antique Armour Shoppe.
  7933 | D:6      | Bought a glowing cloak for 172 gold pieces
  8286 | D:6      | Reached skill level 11 in Fighting
  8287 | D:6      | Noticed Pikel
  8308 | D:6      | HP: 3/105 [Pikel/+2 whip of freezing (7)]
  8308 | D:6      | HP: 1/105 [Pikel/+2 whip of freezing (2)]
  8309 | D:6      | Slain by a lemure

Illustrated notes

Levels and vault maps discovered:
D:1:      wander_arrival_abandoned_jail, layout_basic,
          hellmonk_ecumenical_altar_defaced_shrine
D:2:      layout_loops_ring, uniq_crazy_yiuf_cottage
D:3:      layout_basic, uniq_terence
D:4:      layout_basic, serial_shops, nicolae_diamond_shop, minmay_pentangle
D:5:      lemuel_ratsnest, layout_loops_ring, serial_co_window_serial,
          co_window_of_opportunity_a, co_window_corner_a,
          co_window_of_opportunity_a, co_window_of_opportunity_a,
          co_window_paths_a, co_window_cross_3, co_window_corner_b,
          co_window_2corner, co_window_broadway_c, co_window_paths_e,
          glass_columns_a, lemuel_flame_loot_1, uniq_eustachio, uniq_grinder
D:6:      layout_cave_pools, serial_shops, shop, serial_gnoll_camp,
          gnoll_camp_mini_hut, gnoll_camp_mini_basic, gnoll_camp_mini_shop,
          gnoll_camp_mini_basic, uniq_pikel

Skill      XL: |  1  2  3  4  5  6  7  8  9 |
---------------+----------------------------+-----
Maces & Flails | 3 4 5 7 9 10 | 10.6
Fighting       | 5 6 7 9 11 | 11.0
Dodging        | |  2.6

Action                   |  1- 3 |  4- 6 |  7- 9 || total
-------------------------+-------+-------+-------++-------
Melee: Mace              |    93 |    86 |       ||   179
       Punch             |     1 |       |     4 ||     5
       Morningstar       |       |    54 |   322 ||   376
Invok: Berserk           |     1 |     6 |     8 ||    15
  Use: Scroll            |       |     6 |     5 ||    11
 Stab: Sleeping          |     1 |     1 |     1 ||     3
Armor: Animal skin       |    39 |    38 |   192 ||   269
Dodge: Dodged            |    59 |    79 |   210 ||   348
